 Dungeon Crawl Stone Soup version 0.29.0-4-gdea44cf6ec (webtiles) character file.

Game seed: 13609574816778376320

35 qw the Chopper (level 3, 0/21 HPs)
             Began as a Tengu Warper on Aug 28, 2022.
             Succumbed to a kobold's poison
             ... on level 3 of the Dungeon.
             The game lasted 00:00:07 (1571 turns).

qw the Chopper (Tengu Warper)                       Turns: 1571, Time: 00:00:08

Health: 0/21       AC:  6    Str: 13    XL:     3   Next: 35%
Magic:  7/7        EV:  9    Int: 13    God:
Gold:   130        SH:  0    Dex: 13    Spells: 6/6 levels left

rFire   . . .      SeeInvis .   Y - +0 hand axe
rCold   . . .      Faith    .   (no shield)
rNeg    . . .      Spirit   .   g - +0 scale mail
rPois   .          Reflect  .   (helmet restricted)
rElec   .          Harm     .   (no cloak)
rCorr   .          Rampage  .   (no gloves)
Will    .....                   (boots unavailable)
Stlth   ..........              (no amulet)
HPRegen 0.07/turn               (no ring)
MPRegen 0.10/turn               (no ring)

@: lethally poisoned (0 -> -2)
A: beak, talons 3
a: no special abilities


You were on level 3 of the Dungeon.
You visited 1 branch of the dungeon, and saw 3 of its levels.

You collected 130 gold pieces.


Innate Abilities, Weirdness & Mutations

You have a beak for a mouth.
You have claws for feet.


   Skills:
 - Level 2.0 Fighting
 + Level 4.1 Axes
 - Level 1.0 Throwing
 - Level 1.1 Armour
 - Level 2.1 Dodging
 - Level 2.0 Spellcasting
 - Level 2.4 Translocations


You had 6 spell levels left.
You didn't know any spells.
Your spell library contained the following spells:

 Spells                   Type           Power      Damage    Failure   Level
 Blink                    Tloc           14%        N/A       56%         2
 Gell's Gravitas          Tloc           7%         N/A       80%         3
 Lesser Beckoning         Tloc           7%         N/A       80%         3
 Teleport Other           Tloc           7%         N/A       80%         3
 Manifold Assault         Tloc           7%         N/A       100%        5

Inventory:

Hand Weapons
 c - a +0 club
 Y - a +0 hand axe (weapon)
Armour
 g - a +0 scale mail (worn)
Scrolls
 e - a scroll of vulnerability {unknown}
Potions
 a - a potion of lignification {unknown}
 b - a potion of attraction {unknown}
 d - a potion of flight {unknown}
 f - a potion of cancellation {unknown}

Dungeon Overview and Level Annotations

Branches:
Dungeon (2/15)

Altars:


Message History

The orc is heavily wounded.
The orc barely misses you. The orc hits you but does no damage.
The orc barely misses you.
You hit the orc but do no damage. Your kick misses the orc.
The orc is heavily wounded.
You closely miss the orc. The orc barely misses you.
The orc hits you with a +0 club.
You hit the orc but do no damage. You peck the orc.
You kill the orc!
You hit the orc.
A kobold comes into view.
It is wielding a +0 short sword and quivering poisoned darts.
The orc hits you but does no damage.
Your Axes skill increases to level 4!
You barely miss the orc.
The kobold shouts!
Your kick misses the orc.
The orc is moderately wounded.
The orc hits you with a +0 club.
You barely miss the orc.
The orc is moderately wounded.
The orc barely misses you.
The kobold throws a poisoned dart.
The poisoned dart barely misses you.
You hit the orc.
You kill the orc!
The kobold throws a poisoned dart.
The poisoned dart hits you!
You are poisoned.
You feel very sick.
You feel sick.
You closely miss the kobold. Your kick misses the kobold.
Your peck misses the kobold.
You feel sick.
The kobold hits you with a +0 short sword.
You closely miss the kobold.
You feel sick.
A kobold comes into view. It is wielding a +0 club.
The kobold hits you but does no damage.
You slash the kobold!
You kill the kobold!
You feel sick.
You die...

## # #. ... #.
#...#.########
#....)@......#
#...K.))......#
##..##.######.#
## #. #. #. ##


You could see a kobold.

Vanquished Creatures
  3 dart slugs (D:1)
  5 orcs
  3 bats
  3 endoplasms
  2 goblins
  A hobgoblin (D:2)
  2 kobolds
  2 ball pythons
  A rat (D:1)
  A spectral goblin (D:2)
23 creatures vanquished.

Notes
Turn   | Place    | Note
-------+----------+-------------------------------------------
     0 | D:1      | qw the Tengu Warper began the quest for the Orb.
     0 | D:1      | Reached XP level 1. HP: 12/12 MP: 4/4
     0 | D:1      | 0 ||| qw: Version: 0.1-a-89-g26bdef1
     0 | D:1      | 0 ||| qw: Game counter: 1661
     0 | D:1      | 0 ||| qw: Always use a shield: true
     0 | D:1      | 0 ||| qw: God list: Okawaru
     0 | D:1      | 0 ||| qw: Allow faded altars: false
     0 | D:1      | 0 ||| qw: Do Orc after D:15 true
     0 | D:1      | 0 ||| qw: Do second Lair branch before Depths: true
     0 | D:1      | 0 ||| qw: Lair rune preference: random
     0 | D:1      | 0 ||| qw: Plans: Normal
     0 | D:1      | 0 ||| PLANNING D:1-11
    41 | D:1      | 41 ||| DROPPING scroll of blinking.
   385 | D:1      | Reached XP level 2. HP: 9/17 MP: 6/6
   560 | D:1      | Reached skill level 3 in Axes
  1102 | D:1      | 1102 ||| UPGRADING to +0 ring mail.
  1112 | D:1      | 1112 ||| DROPPING +0 leather armour.
  1113 | D:1      | 1113 ||| UPGRADING to +0 scale mail.
  1123 | D:1      | 1123 ||| DROPPING +0 ring mail.
  1124 | D:1      | 1124 ||| READING scroll labelled IKKEKKA RIRHE.
  1125 | D:1      | 1125 ||| READING scroll labelled PURGHA ZIROURR.
  1126 | D:1      | 1126 ||| DRINKING 2 silvery potions.
  1127 | D:1      | 1127 ||| DROPPING potion of invisibility.
  1141 | D:2      | 1141 ||| Stepping ~*~*~tactically~*~*~ (stealth).
  1142 | D:2      | 1142 ||| Stepping ~*~*~tactically~*~*~ (stealth).
  1470 | D:2      | 1470 ||| Stepping ~*~*~tactically~*~*~ (stealth).
  1481 | D:2      | Reached XP level 3. HP: 21/21 MP: 7/7
  1482 | D:2      | 1482 ||| Stepping ~*~*~tactically~*~*~ (stealth).
  1505 | D:2      | 1505 ||| Stepping ~*~*~tactically~*~*~ (stealth).
  1505 | D:2      | Found a faded altar of an unknown god.
  1542 | D:2      | You fall into a shaft and drop 1 floor!
  1563 | D:3      | Reached skill level 4 in Axes
  1568 | D:3      | HP: 5/21 [poisoned by a kobold]
  1569 | D:3      | HP: 2/21 [poisoned by a kobold]
  1571 | D:3      | Succumbed to a kobold's poison

Levels and vault maps discovered:
D:1:      erik_arrival_cave_to_civilisation [erik_arrival_cave_to_hall],
          layout_basic
D:2:      layout_basic, dreamdust_ecumenical_altar_drowned_temple
D:3:      layout_loops_ring, st_stairs_5, minmay_lizard_king, uniq_robin

Skill      XL: |  1  2  3 |
---------------+----------+-----
Axes           | 3 4 |  4.1
Fighting       | |  2.0
Throwing       | |  1.0
Armour         | |  1.1
Dodging        | |  2.1
Spellcasting   | |  2.0
Translocations | |  2.4

Action                   || total
-------------------------++-------
Melee: Hand axe          ||    59
       Kick              ||    16
       Peck              ||    12
Throw: Boomerang         ||     7
  Use: Scroll            ||     2
       Potion            ||     1
Armor: Leather armour    ||     2
       Scale mail        ||    17
Dodge: Dodged            ||    28

Table legend:
 A = Non-vault XP
 B = Vault XP
 C = Vault XP percentage of total XP
 D = Non-vault monster count
 E = Vault monster count
 F = Vault count percentage of total count
                 A         B        C        D         E       F
            +---------+---------+-------+---------+---------+-------
      Total |      46 |       5 |   9.8 |      20 |       3 |  13.0
            +---------+---------+-------+---------+---------+-------
        D:1 |      18 |       4 |  18.2 |       7 |       2 |  22.2
        D:2 |      15 |       1 |   6.2 |       8 |       1 |  11.1
        D:3 |      13 |       0 |   0.0 |       5 |       0 |   0.0
            +---------+---------+-------+---------+---------+-------
